 Dungeon Crawl Stone Soup version 0.29-a0-90-gc37658a0fe (webtiles) character file.

Game seed: 7219821391135393987

4372 lordive the Covert (level 10, -1/49 HPs)
             Began as a Spriggan Enchanter on Feb 7, 2022.
             Was a Priest of Okawaru.
             Slain by Erica (5 damage)
             ... on level 8 of the Dungeon.
             The game lasted 00:20:03 (11532 turns).

lordive the Covert (Spriggan Enchanter)            Turns: 11532, Time: 00:20:03

Health: -1/49      AC:  8    Str:  4    XL:     10   Next: 13%
Magic:  17/20      EV: 21    Int: 21    God:    Okawaru [***...]
Gold:   423        SH:  5    Dex: 16    Spells: 11/22 levels left

rFire   . . .      SeeInvis +   D - +3 dagger
rCold   . . .      Faith    .   (no shield)
rNeg    . . .      Spirit   .   b - +0 robe
rPois   .          Reflect  +   (helmet restricted)
rElec   .          Harm     .   I - +1 cloak
rCorr   .          Rampage  .   (gloves unavailable)
Will    +....                   (boots unavailable)
Stlth   +++++.....              E - amulet of reflection
HPRegen 0.16/turn               C - +4 ring of protection
MPRegen 0.17/turn               (no ring)

@: very quick
A: very small, no large weapons, unfitting armour, see invisible, speed 3
a: Renounce Religion, Heroism


You were on level 8 of the Dungeon.
You worshipped Okawaru.
Okawaru was most pleased with you.
You visited 2 branches of the dungeon, and saw 9 of its levels.

You collected 423 gold pieces.

Inventory:

Hand Weapons
 a - a +1 dagger
 d - a +1 dagger of venom
 l - a +1 dagger of draining
 D - a +3 dagger (weapon)
Missiles
 v - 2 boomerangs of dispersal
 z - 233 stones
Armour
 b - a +0 robe (worn)
 I - a +1 cloak (worn)
Magical Staves
 h - a staff of conjuration
 o - a staff of air
Jewellery
 C - a +4 ring of protection (left hand)
 E - an amulet of reflection (around neck)
Wands
 u - a wand of digging (7)
 B - a wand of polymorph (9)
 H - a wand of paralysis (3)
Scrolls
 g - 5 scrolls of teleportation
 n - a scroll of blinking
 s - 2 scrolls of enchant weapon
 t - a scroll of enchant armour
 w - 2 scrolls of amnesia
 x - a scroll of immolation {unknown}
 y - a scroll of vulnerability {unknown}
 A - a scroll of magic mapping {unknown}
 F - a scroll of fear {unknown}
 G - a scroll of fog {unknown}
Potions
 c - 2 potions of invisibility
 e - 3 potions of curing
 f - a potion of berserk rage
 i - a potion of flight
 j - a potion of attraction
 k - 4 potions of heal wounds
 q - a potion of cancellation


   Skills:
 * Level 4.1 Fighting
 * Level 6.0 Short Blades
 * Level 7.1 Dodging
 + Level 11.8 Stealth
 + Level 0.2 Shields
 + Level 6.5 Spellcasting
 + Level 7.4 Hexes
 * Level 5.1 Translocations
 * Level 3.6 Invocations


You had 11 spell levels left.
You knew the following spells:

 Your Spells              Type           Power      Damage    Failure   Level
a - Ensorcelled Hibernat  Hex/Ice        44%        N/A       3%          2
b - Confusing Touch       Hex            37%        N/A       1%          3
c - Tukima's Dance        Hex            37%        N/A       1%          3
d - Dazzling Flash        Conj/Hex       44%        N/A       6%          3

Your spell library contained the following spells:

 Spells                   Type           Power      Damage    Failure   Level
 Apportation              Tloc           56%        N/A       1%          1
 Pain                     Necr           24%        1d5       10%         1
 Sandblast                Erth           12%        2d6       10%         1
 Corpse Rot               Necr/Air       12%        N/A       14%         2
 Passwall                 Tmut/Erth      5%         N/A       14%         2
 Poisonous Vapours        Pois/Air       12%        N/A       14%         2
 Frozen Ramparts          Ice            14%        1d3       26%         3
 Stone Arrow              Conj/Erth      12%        3d7       28%         3
 Vampiric Draining        Necr           6%         2d6       28%         3
 Ice Form                 Ice/Tmut       7%         N/A       65%         4
 Animate Skeleton         Necr           Unusable   N/A       N/A         1
 Summon Small Mammal      Summ           Unusable   N/A       N/A         1
 Summon Ice Beast         Ice/Summ       Unusable   N/A       N/A         4

Dungeon Overview and Level Annotations

Branches:
Dungeon (8/15)             Temple (1/1) D:6            Lair (0/6) D:8

Altars:
Ashenzari
Cheibriados
Dithmenos
Elyvilon
Fedhas
Gozag
Hepliaklqana
Makhleb
Nemelex Xobeh
Okawaru
Qazlal
Ru
Sif Muna
Trog
Uskayaw
Vehumet
Wu Jian
Xom
Yredelemnul
The Shining One

Shops:
D:4 (:   D:6 =   D:7 ?   D:8 !

Annotations:
D:8 Erica


Innate Abilities, Weirdness & Mutations

You are very small and have problems with some larger weapons.
You are too small for most types of armour.
You have supernaturally acute eyesight. (SInv)
You cover ground extremely quickly. (Speed+++)


Message History

Casting: Ensorcelled Hibernation (safe; 3% risk of failure)
Confirm with . or Enter, or press ? or * to list all spells.
Aiming: Ensorcelled Hibernation (safe; 3% risk of failure)
Press: ? - help, Shift-Dir - straight line, f - Erica
Aim: Erica, wielding a +2 scimitar of flaming, wearing a +2 robe of willpower and carrying a wand of digging (3) (chance to affect: 3%)
Okay, then.
Casting: Ensorcelled Hibernation (safe; 3% risk of failure)
Confirm with . or Enter, or press ? or * to list all spells.
Okay, then.
Casting: Ensorcelled Hibernation (safe; 3% risk of failure)
Confirm with . or Enter, or press ? or * to list all spells.
Casting: Dazzling Flash (dangerous; 6% risk of failure)
Press: ? - help, Dir - look around, f - activate Erica is dazzled.
Erica casts a spell at you. The bolt of poison hits you!
You are poisoned.
Unknown command.
You catch the helpless Erica completely off-guard!
You impale Erica!!
Erica is heavily wounded.
You feel very sick.
You hit Erica but do no damage.
Erica is heavily wounded.
You feel sick.
Erica points at you and mumbles some strange words.
The bolt of poison hits you!!
You are more poisoned.
* * * LOW HITPOINT WARNING * * *
You closely miss Erica.
Erica is heavily wounded.
* * * LOW HITPOINT WARNING * * *
You feel very sick. Erica closely misses you.
Unknown command.
You feel better.
Erica hits you with a +2 scimitar of flaming!
* * * LOW HITPOINT WARNING * * *
Erica burns you.
You die...

##### ########## .)..#
#.@@...... ....#
#.########
....###########.#
..............#.#########
..∩........##.#.........#
............#.#########.#
######......#.# #.#
#......#.# #.# ###
#####.##.# #.#


You could see Erica (blind).

Vanquished Creatures
  Maurice (D:8)
  A komodo dragon (D:8)
  Grinder (D:3)
  Eustachio (D:4)
  5 water moccasins
  2 black bears (D:8)
  A sky beast (D:6)
  An ogre (D:5)
  2 centaurs
  2 bullfrogs (D:7)
  A gnoll sergeant (D:6)
  6 scorpions
  2 wyvern zombies
  A wyvern skeleton (D:6)
  4 killer bees (D:5)
  10 wights
  A centaur zombie (D:6)
  A bullfrog zombie (D:6)
  3 jellies
  2 gnoll shamans (D:8)
  3 orc priests
  A bullfrog skeleton (D:6)
  2 hounds
  A centaur skeleton (D:5)
  Terence (D:3)
  Jessica (D:3)
  2 iguanas
  7 orc wizards
  A killer bee zombie (D:8)
  A hound skeleton (D:5)
  A howler monkey zombie (D:5)
  6 adders
  15 gnolls
  9 river rats (D:5)
  A white imp (D:5)
  2 worms (D:5)
  4 dart slugs
  24 orcs
  3 ball pythons
  7 endoplasms
  3 goblins
  6 hobgoblins
  11 quokkas
  3 bats
  5 frilled lizards
  12 kobolds
  17 rats
197 creatures vanquished.

Vanquished Creatures (others)
  A kobold (D:7)
  62 fungi (D:8)
  49 plants (D:8)
112 creatures vanquished.

Grand Total: 309 creatures vanquished

Notes
Turn   | Place    | Note
-------+----------+-------------------------------------------
     0 | D:1      | lordive the Spriggan Enchanter began the quest for the Orb.
     0 | D:1      | Reached XP level 1. HP: 9/9 MP: 5/5
   267 | D:1      | Found a faded altar of an unknown god.
   372 | D:1      | Reached XP level 2. HP: 9/13 MP: 6/6
   541 | D:1      | Learned a level 2 spell: Ensorcelled Hibernation
   953 | D:1      | Reached skill level 5 in Stealth
  1238 | D:2      | Reached XP level 3. HP: 10/16 MP: 5/8
  2200 | D:3      | Learned a level 3 spell: Confusing Touch
  2274 | D:3      | Noticed Grinder
  2284 | D:3      | Killed Grinder
  2285 | D:3      | Reached skill level 1 in Fighting
  2285 | D:3      | Reached skill level 6 in Stealth
  2285 | D:3      | Reached skill level 5 in Hexes
  2285 | D:3      | Reached XP level 4. HP: 4/22 MP: 6/10
  2285 | D:3      | Reached XP level 5. HP: 5/25 MP: 6/11
  2719 | D:3      | Found a sparkling altar of Nemelex Xobeh.
  2734 | D:3      | Noticed Terence
  2743 | D:3      | Killed Terence
  2744 | D:3      | Reached XP level 6. HP: 30/30 MP: 9/12
  3073 | D:3      | Noticed Jessica
  3080 | D:3      | Killed Jessica
  3471 | D:4      | Reached skill level 7 in Stealth
  3482 | D:4      | Noticed Eustachio
  3491 | D:4      | Killed Eustachio
  3855 | D:4      | Reached XP level 7. HP: 34/34 MP: 13/13
  4068 | D:4      | Found Oce Zong's Book Emporium.
  4075 | D:4      | Found Xiepsus's Weapon Emporium.
  4350 | D:4      | Reached skill level 8 in Stealth
  4570 | D:5      | Entered Level 5 of the Dungeon
  4934 | D:5      | Reached skill level 5 in Dodging
  5026 | D:5      | Reached XP level 8. HP: 39/39 MP: 12/15
  5037 | D:5      | Reached skill level 9 in Stealth
  5216 | D:4      | Learned a level 3 spell: Tukima's Dance
  5220 | D:4      | Learned a level 3 spell: Dazzling Flash
  5368 | D:5      | Found an iron altar of Okawaru.
  5377 | D:5      | Became a worshipper of Warmaster Okawaru
  5728 | D:5      | Reached skill level 1 in Translocations
  6185 | D:5      | Reached skill level 5 in Spellcasting
  7130 | D:6      | Reached skill level 1 in Invocations
  7138 | D:6      | Found a staircase to the Ecumenical Temple.
  7165 | Temple   | Entered the Ecumenical Temple
  7404 | D:6      | Reached skill level 10 in Stealth
  8032 | D:6      | Found a burning altar of Makhleb.
  8034 | D:6      | Noticed a blizzard demon
  8199 | D:6      | Found a broken altar of Ashenzari.
  8199 | D:6      | Found a shimmering altar of Xom.
  8237 | D:6      | Reached * piety under Okawaru
  8238 | D:6      | Reached XP level 9. HP: 44/44 MP: 16/18
  8254 | D:6      | Found a radiant altar of Vehumet.
  8318 | D:6      | Found Kafeg's Jewellery Shoppe.
  8541 | D:7      | Reached skill level 5 in Short Blades
  8670 | D:7      | Found Hythesiu's Magic Scroll Shoppe.
 10194 | D:8      | Found an opulent altar of Gozag.
 10628 | D:8      | Reached ** piety under Okawaru
 10732 | D:8      | Noticed a komodo dragon
 10746 | D:8      | Killed a komodo dragon
 10747 | D:8      | Reached skill level 11 in Stealth
 10991 | D:8      | Found a staircase to the Lair.
 10995 | D:8      | Reached *** piety under Okawaru
 11134 | D:8      | Reached skill level 5 in Translocations
 11277 | D:8      | Reached XP level 10. HP: 49/49 MP: 15/20
 11398 | D:8      | Found Tainuz's Distillery.
 11399 | D:8      | Noticed Maurice
 11406 | D:8      | Killed Maurice
 11525 | D:8      | Noticed Erica
 11532 | D:8      | Slain by Erica

Illustrated notes

Levels and vault maps discovered:
D:1:      lightli_arrival_lavapool, layout_rooms, basic_ecumenical_altar
D:2:      layout_basic, st_stairs_11
D:3:      layout_loops_ring, nemelex_xobeh_ov_fountains_minmay, serial_glass,
          glass_columns_c, glass_columns_a, uniq_jessica, uniq_terence,
          uniq_grinder
D:4:      layout_basic, nicolae_wooded_promenade, uniq_eustachio
D:5:      lemuel_ratsnest, layout_basic, old_standard_altar
D:6:      layout_loops_ring, makhleb_altar_promises_db, marbit_many_paths,
          gammafunk_temple_overflow_statue, minmay_temple_entry_waves,
          serial_shops, nicolae_lakefront_shop
D:7:      layout_basic, serial_shops, nicolae_shop_trees, lemuel_old_faithful
D:8:      layout_basic, kennysheep_little_box, due_lair_maze_entry_diamond,
          serial_shops, shop, nicolae_figureground_sparkle, uniq_erica,
          uniq_maurice
Temple:   dshaligram_water_room_temple

Skill      XL: |  1  2  3  4  5  6  7  8  9 10 |
---------------+-------------------------------+-----
Hexes          | 4 5 6 7 |  7.4
Stealth        | 5 6 7 8 10 11 | 11.8
Fighting       | 1 2 3 4 |  4.1
Short Blades   | 2 3 4 5 6 |  6.0
Dodging        | 3 4 5 6 7 |  7.1
Spellcasting   | 3 4 5 6 |  6.5
Translocations | 3 5 |  5.1
Invocations    | 1 3 |  3.6
Shields        | |  0.2

Action                   |  1- 3 |  4- 6 |  7- 9 | 10-12 || total
-------------------------+-------+-------+-------+-------++-------
Melee: Dagger            |    77 |    21 |   347 |     7 ||   452
       Punch             |     1 |       |     5 |       ||     6
 Cast: Ensorcelled Hiber |    21 |    20 |   128 |     2 ||   171
       Confusing Touch   |     1 |       |    24 |       ||    25
       Dazzling Flash    |       |       |       |     1 ||     1
  Use: Scroll            |       |       |       |    13 ||    13
       Potion            |       |       |       |     1 ||     1
 Stab: Sleeping          |    23 |    16 |    95 |     3 ||   137
       Confused          |     2 |       |    22 |       ||    24
       Distracted        |       |       |     1 |       ||     1
       Invisible         |       |       |       |     1 ||     1
Armor: Robe              |     1 |     1 |    22 |       ||    24
Dodge: Dodged            |    51 |    17 |   224 |     3 ||   295
Block: Other             |       |       |    16 |       ||    16

Table legend: (Time is in decaauts)
 A = Elapsed time spent in this place.
 B = Non-inter-level travel time spent in this place.
 C = Inter-level travel time spent in this place.
 D = Time resting spent in this place.
 E = Time spent auto-exploring this place.
 F = Levels seen in this place.
 G = Mean time per level.
                   A        B        C        D        E       F      G
               +--------+--------+--------+--------+--------+-----+--------+
         Total |   9163 |   8836 |    327 |   1580 |   5904 |   9 | 1018.1 |
       Dungeon |   9108 |   8794 |    314 |   1580 |   5868 |   8 | 1138.5 |
        Temple |     55 |     42 |     13 |      0 |     36 |   1 |   55.0 |
               +--------+--------+--------+--------+--------+-----+--------+

Top non-repeatable levels by time:
     D:5: 1653 daAuts
     D:6: 1229 daAuts
     D:7: 1216 daAuts
     D:3: 1184 daAuts
     D:1: 1045 daAuts
     D:8: 1009 daAuts
     D:2: 942 daAuts
     D:4: 826 daAuts
  Temple: 55 daAuts
